 Dungeon Crawl Stone Soup version 0.19.5 (webtiles) character file.

10837 JeffiDaFish the Cleaver (level 11, -5/70 HPs)
             Began as a Gargoyle Fighter on Mar 9, 2017.
             Was an Elder of Trog.
             Slain by an 18-headed hydra (9 damage)
             ... on level 2 of the Lair of Beasts.
             The game lasted 00:22:36 (9497 turns).

JeffiDaFish the Cleaver (Gargoyle Fighter)          Turns: 9497, Time: 00:22:36

Health: -5/70      AC: 34    Str: 21 (22) XL:     11   Next: 68%
Magic:  11/11      EV:  6    Int:  7 (8)  God:    Trog [****..]
Gold:   779        SH: 11    Dex: 10      Spells: 0 memorised, 10 levels left

rFire  . . .     SeeInvis .     u - +6 war axe "Demon's Funeral" {protect, rC- MR+ Str+3}
rCold  x . .     Gourm    .     o - +0 plate armour
rNeg   + . .     Faith    .     c - +0 shield
rPois  ∞         Spirit   .     (helmet restricted)
rElec  +         Reflect  .     j - +2 cloak
rCorr  .         Harm     .     d - +0 pair of gloves
MR     ++...                    a - +0 pair of boots
Stlth  ..........               (no amulet)
                                (no ring)
                                g - ring of protection from magic

@: protection aura, very slightly contaminated, starving, hasted, very quick
A: antennae 1, rugged brown scales 1, blink, blurry vision 1, clumsy 1,
deterioration 1, negative energy resistance 1, electricity resistance, weak 1,
unbreathing, evolution 1, petrification resistance, rot immunity, AC +7
a: Blink, Berserk, Trog's Hand, Brothers in Arms, Burn Spellbooks, Renounce
Religion


You were on level 2 of the Lair of Beasts.
You worshipped Trog.
Trog was greatly pleased with you.
You were starving.

You visited 3 branches of the dungeon, and saw 12 of its levels.
You also visited: Ossuary.

You collected 779 gold pieces.

Inventory:

Hand Weapons
 p - a +1 whip of freezing
 u - the +6 war axe "Demon's Funeral" (weapon) {protect, rC- MR+ Str+3}
   (You found it on level 5 of the Dungeon)

   It protects the one who uses it against injury (+AC on strike).
   It affects your strength (+3).
   It makes you vulnerable to cold.
   It affects your resistance to hostile enchantments.
Armour
 a - a +0 pair of boots (worn)
 c - a +0 shield (worn)
 d - a +0 pair of gloves (worn)
 j - a +2 cloak (worn)
 l - a +0 helmet of see invisible
 o - a +0 plate armour (worn)
Jewellery
 g - a ring of protection from magic (left hand)
Wands
 C - a wand of hasting (5/9)
Scrolls
 b - 6 scrolls of identify
 e - 2 scrolls of fear
 i - 2 scrolls of recharging
 k - 2 scrolls of fog
 n - 3 scrolls of teleportation
 q - 5 scrolls of remove curse
 t - 3 scrolls of amnesia
Potions
 h - 2 potions of flight
 m - 5 potions of curing
 z - 3 potions of heal wounds
 B - 2 potions of might
Books
 D - a book of Minor Magic

   Spells                             Type                      Level
   a - Magic Dart                     Conjuration                  1
   b - Blink                          Translocation                2
   c - Call Imp                       Summoning                    2
   d - Repel Missiles                 Charms/Air                   2
   e - Slow                           Hexes                        2
   f - Conjure Flame                  Conjuration/Fire             3
   g - Mephitic Cloud                 Conjuration/Poison/Air       3
   Trog disapproves of the use of such an item.
Comestibles
 f - 10 bread rations
 r - a beef jerky
 s - 4 meat rations
 v - a slice of pizza
 w - 2 fruits


   Skills:
 + Level 8.1 Fighting
 * Level 10.6(11.4) Axes
 - Level 7.7(10.6) Maces & Flails
 + Level 6.8 Armour
 + Level 1.5 Dodging
 + Level 0.8 Stealth
 + Level 9.1 Shields


You had 10 spell levels left.
You didn't know any spells.

Dungeon Overview and Level Annotations

Branches:
Dungeon (9/15)             Temple (1/1) D:7            Lair (2/6) D:9
    Orc (0/2) D:9
  Swamp: Lair:2-4    Shoals: Lair:2-4     Snake: Lair:2-4    Spider: Lair:2-4

Altars:
Ashenzari
Cheibriados
Dithmenos
Elyvilon
Fedhas
Gozag
Hepliaklqana
Kikubaaqudgha
Makhleb
Nemelex Xobeh
Okawaru
Qazlal
Ru
Sif Muna
Trog
Uskayaw
Vehumet
Xom
Yredelemnul
Zin
The Shining One

Shops:
D:4 !   D:6 }


Innate Abilities, Weirdness & Mutations

You are resistant to torment.
Your stone body is resilient. (AC +7)
You are immune to poison.
You resist negative energy. (rN+)
You are resistant to electric shocks. (rElec)
You can survive without breathing.
You are immune to petrification.
You are immune to rotting.
You have a pair of small antennae on your head.
You are partially covered in rugged brown scales. (AC +1, +3% HP)
You can translocate small distances at will.
Scrolls take you a little longer to read.
You are clumsy. (Dex -2)
Your body sometimes deteriorates upon taking damage.
You are weak. (Str -2)
You evolve.


Message History

The 16-headed hydra closely misses you. The 16-headed hydra barely misses you.
The 16-headed hydra bites you but does no damage.
The 16-headed hydra barely misses you. You block the 16-headed hydra's attack.
The 16-headed hydra bites you but does no damage. x3
The 16-headed hydra bites you!
* * * LOW HITPOINT WARNING * * *
Your body deteriorates!
You feel dopey.
The 16-headed hydra bites you but does no damage. x2
You block the 16-headed hydra's attack. The 16-headed hydra barely misses you.
You lop one of the 16-headed hydra's heads off!
The 15-headed hydra grows two more!
You slice the 17-headed hydra!!
The 17-headed hydra is moderately wounded.
You lop one of the 17-headed hydra's heads off!
The 16-headed hydra grows two more!
You slash the 18-headed hydra!
The 18-headed hydra is moderately wounded.
You are starving!
You block the 18-headed hydra's attack.
The 18-headed hydra bites you but does no damage. x3
The 18-headed hydra bites you!
You die...

*** ****,,,,,,*
*,####.******,,,
##*** **....#*
**,, #.#,*
*......**** ***
#..#**#.......#.*
*
*#...,##........**
*
*,#..*#........#*
* ***#.##........#
* #..@........#
##..D......##
#..........#
#..........# *
##........### *
*#..........# *
*...........#
*#........###
##......##


You could see a 18-headed hydra.

Vanquished Creatures
  Pikel (D:4)
  3 spiny frogs
  4 komodo dragons
  A hippogriff (D:8)
  4 blink frogs (Lair:1)
  A spriggan (D:7)
  Sigmund (D:4)
  A basilisk (Lair:1)
  12 yaks
  Eustachio (D:4)
  Edmund (D:4)
  3 water moccasins (Lair:1)
  2 orc warriors
  3 phantoms
  2 black bears
  3 ice beasts (D:9)
  4 ogres
  A hornet zombie (D:9)
  3 wolves (Lair:1)
  3 centaurs
  The ghost of JeffiDaFish the Shield-Bearer, an amateur GrFi of Okawaru (D:3)
  6 bullfrogs
  3 big kobolds
  2 scorpions
  5 killer bees (D:7)
  4 crimson imps
  A bullfrog zombie (D:6)
  Crazy Yiuf (D:2)
  2 jellies
  12 orc priests
  8 hounds
  A bullfrog skeleton (D:6)
  3 iguanas
  Natasha (thrice) (D:3)
  14 orc wizards
  7 worker ants
  8 mummies (Ossuary)
  A howler monkey zombie (D:8)
  A worker ant zombie (D:9)
  Robin (D:3)
  3 gnolls (D:4)
  10 adders
  A shadow imp (D:6)
  An ooze (D:3)
  An adder skeleton (D:5)
  5 worms
  A dart slug (D:4)
  10 leopard geckos
  58 orcs
  A ball python (D:3)
  10 bats
  5 giant cockroaches
  A gnoll zombie (Ossuary)
  10 goblins (D:3)
  11 hobgoblins
  6 jackals
  4 quokkas
  11 frilled lizards
  A hobgoblin zombie (Ossuary)
  23 kobolds
  5 kobold zombies (Ossuary)
  An orc zombie (Ossuary)
  A quokka skeleton (D:9)
  13 rats
  5 fungi
  3 plants
339 creatures vanquished.

Vanquished Creatures (others)
  2 orc wizards (D:7)
  A plant (D:9)
3 creatures vanquished.

Grand Total: 342 creatures vanquished

Notes
Turn   | Place    | Note
-------+----------+-------------------------------------------
     0 | D:1      | JeffiDaFish the Gargoyle Fighter began the quest for the Orb.
     0 | D:1      | Reached XP level 1. HP: 14/14 MP: 1/1
   144 | D:1      | Reached XP level 2. HP: 19/19 MP: 2/2
   642 | D:1      | Reached XP level 3. HP: 22/23 MP: 3/3
  1101 | D:2      | Found a runed door.
  1105 | D:2      | Noticed Crazy Yiuf
  1115 | D:2      | Killed Crazy Yiuf
  1115 | D:2      | Reached XP level 4. HP: 29/29 MP: 4/4
  1314 | D:2      | Reached XP level 5. HP: 33/33 MP: 5/5
  1550 | D:3      | Noticed Natasha
  1560 | D:3      | Killed Natasha
  1857 | D:3      | Noticed Robin
  1895 | D:3      | Killed Robin
  1970 | D:3      | Reached XP level 6. HP: 39/39 MP: 6/6
  2090 | D:3      | Found a snail-covered altar of Cheibriados.
  2107 | D:3      | Noticed JeffiDaFish's ghost (amateur GrFi)
  2120 | D:3      | Killed JeffiDaFish's ghost
  2434 | D:3      | Noticed Natasha
  2453 | D:3      | Killed Natasha
  2453 | D:3      | Reached skill level 5 in Shields
  2731 | D:3      | Noticed Natasha
  2740 | D:3      | Killed Natasha
  2885 | D:4      | Noticed Sigmund
  2886 | D:4      | Noticed a phantom
  2945 | D:4      | Reached XP level 7. HP: 34/44 MP: 7/7
  3022 | D:4      | Reached skill level 5 in Maces & Flails
  3037 | D:4      | Killed Sigmund
  3037 | D:4      | Reached skill level 1 in Dodging
  3079 | D:4      | Reached skill level 5 in Fighting
  3211 | D:4      | Reached XP level 8. HP: 43/49 MP: 8/8
  3252 | D:4      | Noticed Edmund
  3271 | D:4      | Killed Edmund
  3317 | D:4      | Found Hupnaig's Distillery.
  3420 | D:4      | Noticed Pikel
  3457 | D:4      | Killed Pikel
  3457 | D:4      | Reached skill level 5 in Armour
  3781 | D:4      | Reached XP level 9. HP: 48/55 MP: 9/9
  3828 | D:4      | Noticed Eustachio
  3901 | D:4      | Killed Eustachio
  3937 | D:5      | Entered Level 5 of the Dungeon
  4122 | D:5      | Found a white marble altar of Elyvilon.
  4125 | D:5      | Gained mutation: You have a pair of small antennae on your head. [potion of mutation]
  4125 | D:5      | Gained mutation: You evolve. [potion of mutation]
  4125 | D:5      | Gained mutation: Scrolls take you a little longer to read. [potion of mutation]
  4260 | D:5      | Identified the +6 war axe "Demon's Funeral" {protect, rC- MR+ Str+3} (You found it on level 5 of the Dungeon)
  4284 | D:5      | Gained mutation: Your body sometimes deteriorates upon taking damage. [evolution]
  4573 | D:6      | Found a blossoming altar of Fedhas.
  4584 | D:6      | Reached skill level 1 in Axes
  4612 | D:6      | Reached skill level 2 in Axes
  4740 | D:6      | Reached skill level 3 in Axes
  4932 | D:6      | Found Wueseki's Gadget Emporium.
  5184 | D:7      | Found a staircase to the Ecumenical Temple.
  5197 | Temple   | Entered the Ecumenical Temple
  5410 | Temple   | Became a worshipper of Trog the Wrathful
  5445 | D:7      | Reached skill level 4 in Axes
  5712 | D:7      | Reached skill level 5 in Axes
  5770 | D:7      | Reached XP level 10. HP: 61/61 MP: 10/10
  5799 | D:7      | Reached * piety under Trog
  5947 | D:7      | Gained mutation: You are partially covered in rugged brown scales. (AC +1, +3% HP) [evolution]
  6004 | D:7      | Reached skill level 6 in Axes
  6030 | D:7      | Found a deep blue altar of Sif Muna.
  6351 | D:8      | Found a sand-covered staircase.
  6360 | Ossuary  | Entered an ossuary
  6396 | Ossuary  | Reached ** piety under Trog
  6539 | Ossuary  | Gained mutation: You are clumsy. (Dex -2) [potion of mutation]
  6539 | Ossuary  | Gained mutation: You are weak. (Str -2) [potion of mutation]
  6764 | D:8      | Reached skill level 7 in Axes
  7140 | D:9      | Reached *** piety under Trog
  7197 | D:9      | Found a staircase to the Orcish Mines.
  7306 | D:9      | Reached skill level 8 in Axes
  7558 | D:9      | Found an iron altar of Okawaru.
  7829 | D:9      | Found a staircase to the Lair.
  7866 | D:9      | Reached XP level 11. HP: 33/69 MP: 11/11
  8253 | Lair:1   | Entered Level 1 of the Lair of Beasts
  8262 | Lair:1   | Reached **** piety under Trog
  8262 | Lair:1   | Reached skill level 9 in Axes
  8707 | Lair:1   | Reached skill level 10 in Axes
  8883 | Lair:1   | Identified a scroll of acquirement
  8883 | Lair:1   | Got a steaming shield
  8894 | Lair:1   | Identified the -1 shield "Diremiobb" {rF+} (You acquired it on level 1 of the Lair of Beasts)
  9109 | Lair:1   | Gained mutation: You can translocate small distances at will. [evolution]
  9470 | Lair:2   | Noticed a four-headed hydra
  9497 | Lair:2   | Slain by an 18-headed hydra

Skill      XL: |  1  2  3  4  5  6  7  8  9 10 11 |
---------------+----------------------------------+-----
Shields        | 4 5 6 7 8 9 |  9.1
Maces & Flails | 3 4 5 7 |  7.7
Fighting       | 4 5 6 7 8 |  8.1
Armour         | 4 5 6 |  6.8
Dodging        | 1 |  1.5
Axes           | 5 8 10 | 10.6
Stealth        | |  0.8

Action                   |  1- 3 |  4- 6 |  7- 9 | 10-12 || total
-------------------------+-------+-------+-------+-------++-------
Melee: Flail             |   195 |   268 |   159 |       ||   622
       Whip              |       |       |   221 |       ||   221
       War axe           |       |       |   129 |   419 ||   548
 Abil: Blink             |       |       |       |     1 ||     1
  Use: Scroll            |     4 |     5 |     5 |     6 ||    20
       Potion            |     3 |     1 |     3 |     8 ||    15
  Eat: Chunk             |     1 |     7 |    10 |    11 ||    29
Armor: Scale mail        |    20 |       |       |       ||    20
       Chain mail        |   163 |   182 |    44 |       ||   389
       Plate armour      |       |       |   276 |   358 ||   634
Dodge: Dodged            |    74 |    46 |    76 |   104 ||   300
Block: Shield            |   150 |   157 |   263 |   260 ||   830
